 Dungeon Crawl Stone Soup version bcrawl-1.27.3 (webtiles) character file.

Game seed: 2249534379312541714

111151 Freyura the Ducker (level 4, -1/38 HPs)
             Began as a Gnoll Gladiator on July 31, 2020.
             Slain by an ice beast (11 damage)
             ... on level 3 of the Dungeon.
             The game lasted 00:04:23 (2660 turns).

Freyura the Ducker (Gnoll Gladiator)                Turns: 2660, Time: 00:04:23

Health: -1/38      AC:  9    Str: 23    XL:     4   Next: 78%
Magic:  5/5        EV: 15    Int: 11    God:
Gold:   219        SH:  0    Dex: 17    Spells: 5/5 levels left

rFire    . . .     SeeInvis .   a - +0 quarterstaff
rCold    . . .     Gourm    .   (shield currently unavailable)
rNeg     + . .     Faith    .   t - +2 ring mail {rN+}
rPois    .         Spirit   .   c - +0 helmet
rElec    .         Reflect  .   (no cloak)
rCorr    .         Harm     .   r - +0 pair of gloves
MR       .....                  (no boots)
Stlth    +.........             (no amulet)
HPRegen  0.12/turn              h - +7 ring of strength
MPRegen  0.09/turn              (no ring)

@: no status effects
A: distributed training, fangs 1, strong nose
a: no special abilities


You were on level 3 of the Dungeon.
You were not hungry.

You visited 1 branch of the dungeon, and saw 3 of its levels.

You collected 219 gold pieces.

Inventory:

Hand Weapons
 a - a +0 quarterstaff (weapon)
Missiles
 d - 3 throwing nets {=f}
Armour
 c - a +0 helmet (worn)
 r - a +0 pair of gloves (worn)
 t - a +2 ring mail of positive energy (worn)
Jewellery
 h - a +7 ring of strength (left hand)
Scrolls
 f - 3 scrolls of teleportation
 i - a scroll of identify
Potions
 b - a potion of cancellation {unknown}
 g - a potion of flight
 j - a potion of berserk rage {unknown}
 k - a potion of brilliance {unknown}
 l - 2 potions of resistance {unknown}
 m - a potion of curing {unknown}
 o - a potion of magic {unknown}
 p - a potion of heal wounds {unknown}
 s - a potion of degeneration {unknown}
Comestibles
 e - 7 rations {!d}
 n - 2 chunks of flesh


   Skills:
 + Level 4.7 Fighting
 + Level 1.2 Short Blades
 + Level 1.2 Long Blades
 + Level 1.2 Axes
 + Level 1.2 Maces & Flails
 + Level 1.2 Polearms
 + Level 6.6 Staves
 + Level 1.2 Slings
 + Level 1.2 Bows
 + Level 1.2 Crossbows
 + Level 4.7 Throwing
 + Level 1.2 Armour
 + Level 6.6 Dodging
 + Level 1.2 Stealth
 + Level 1.2 Shields
 + Level 1.2 Unarmed Combat
 + Level 1.2 Spellcasting
 + Level 1.0 Conjurations
 + Level 1.0 Hexes
 + Level 1.0 Charms
 + Level 1.0 Summonings
 + Level 1.0 Necromancy
 + Level 1.0 Translocations
 + Level 1.0 Transmutations
 + Level 1.0 Fire Magic
 + Level 1.0 Ice Magic
 + Level 1.0 Air Magic
 + Level 1.0 Earth Magic
 + Level 1.0 Poison Magic
 + Level 1.3 Invocations
 + Level 1.2 Evocations


You had 5 spell levels left.
You didn't know any spells.
Your spell library was empty.

Dungeon Overview and Level Annotations

Branches:
Dungeon (3/12)

Altars:
Lugonu
Zin


Innate Abilities, Weirdness & Mutations

Your experience applies equally to all skills.
You have very sharp teeth.
Your uncanny sense of smell can sniff out nearby items.


Message History

You closely miss the ice beast.
The ice beast is moderately wounded.
The ice beast misses you.
You closely miss the ice beast.
The ice beast is moderately wounded.
The ice beast hits you. The ice beast freezes you!
You are too injured to fight recklessly!
You are too injured to fight recklessly!
You are too injured to fight recklessly!
You are too injured to fight recklessly!
The ice beast hits you but does no damage.
You thump the ice beast!
The ice beast is severely wounded.
The ice beast closely misses you.
You completely miss the ice beast. You bite the ice beast.
The ice beast is severely wounded.
The ice beast hits you.
* * * LOW HITPOINT WARNING * * *
The ice beast freezes you!
You die...

.# #.# .# #.#
.#####.######+######
.).............#...∆
#......)....#.(#.#
#.#....)..#.#...$#
#.#.#...#.#.#.#..#
#.#.#.#.#.#.#.#..#####.#
#.#.#.#.#.#.#...@!......
#.#.#...#.#.#.##Y.####.#
#.#.....$.#.#.##..#
#........∆ #..#.=.. )..∆
.. ###.## .## ..
.####### ∆ #.# >......
.. .....#


You could see an ice beast.

Vanquished Creatures
  A worker ant (D:2)
  An ooze (D:2)
  2 worms
  2 dart slugs (D:2)
  2 leopard geckos (D:2)
  2 orcs (D:2)
  3 giant cockroaches
  6 goblins
  8 hobgoblins
  6 jackals (D:2)
  A quokka (D:2)
  A ball python (D:1)
  8 bats
  5 frilled lizards
  8 kobolds
  3 rats
59 creatures vanquished.

Notes
Turn   | Place    | Note
-------+----------+-------------------------------------------
     0 | D:1      | Freyura the Gnoll Gladiator began the quest for the Orb.
     0 | D:1      | Reached XP level 1. HP: 20/20 MP: 1/1
   235 | D:1      | Reached XP level 2. HP: 26/26 MP: 2/2
  1242 | D:2      | Reached XP level 3. HP: 30/31 MP: 3/3
  1499 | D:2      | Reached skill level 1 in Invocations
  1596 | D:2      | Found a corrupted altar of Lugonu.
  1897 | D:2      | Reached skill level 1 in Short Blades
  1897 | D:2      | Reached skill level 1 in Long Blades
  1897 | D:2      | Reached skill level 1 in Axes
  1897 | D:2      | Reached skill level 1 in Maces & Flails
  1897 | D:2      | Reached skill level 1 in Polearms
  1897 | D:2      | Reached skill level 1 in Slings
  1897 | D:2      | Reached skill level 1 in Bows
  1897 | D:2      | Reached skill level 1 in Crossbows
  1897 | D:2      | Reached skill level 1 in Armour
  1897 | D:2      | Reached skill level 1 in Stealth
  1897 | D:2      | Reached skill level 1 in Shields
  1897 | D:2      | Reached skill level 1 in Unarmed Combat
  1897 | D:2      | Reached skill level 1 in Spellcasting
  1897 | D:2      | Reached skill level 1 in Evocations
  1897 | D:2      | Reached XP level 4. HP: 23/38 MP: 5/5
  2065 | D:2      | Found a glowing silver altar of Zin.
  2571 | D:3      | Reached skill level 1 in Conjurations
  2571 | D:3      | Reached skill level 1 in Hexes
  2571 | D:3      | Reached skill level 1 in Charms
  2571 | D:3      | Reached skill level 1 in Summonings
  2571 | D:3      | Reached skill level 1 in Necromancy
  2571 | D:3      | Reached skill level 1 in Translocations
  2571 | D:3      | Reached skill level 1 in Transmutations
  2571 | D:3      | Reached skill level 1 in Fire Magic
  2571 | D:3      | Reached skill level 1 in Ice Magic
  2571 | D:3      | Reached skill level 1 in Air Magic
  2571 | D:3      | Reached skill level 1 in Earth Magic
  2571 | D:3      | Reached skill level 1 in Poison Magic
  2650 | D:3      | Noticed an ice beast
  2660 | D:3      | Slain by an ice beast

Skill      XL: |  1  2  3  4 |
---------------+-------------+-----
Invocations    | 1 |  1.3
Short Blades   | 1 |  1.2
Long Blades    | 1 |  1.2
Axes           | 1 |  1.2
Maces & Flails | 1 |  1.2
Polearms       | 1 |  1.2
Slings         | 1 |  1.2
Bows           | 1 |  1.2
Crossbows      | 1 |  1.2
Armour         | 1 |  1.2
Stealth        | 1 |  1.2
Shields        | 1 |  1.2
Unarmed Combat | 1 |  1.2
Spellcasting   | 1 |  1.2
Evocations     | 1 |  1.2
Conjurations   | 1 |  1.0
Hexes          | 1 |  1.0
Charms         | 1 |  1.0
Summonings     | 1 |  1.0
Necromancy     | 1 |  1.0
Translocations | 1 |  1.0
Transmutations | 1 |  1.0
Fire Magic     | 1 |  1.0
Ice Magic      | 1 |  1.0
Air Magic      | 1 |  1.0
Earth Magic    | 1 |  1.0
Poison Magic   | 1 |  1.0
Fighting       | |  4.7
Staves         | |  6.6
Throwing       | |  4.7
Dodging        | |  6.6

Action                   |  1- 3 |  4- 6 || total
-------------------------+-------+-------++-------
Melee: Quarterstaff      |   108 |    41 ||   149
       Bite              |    11 |     7 ||    18
  Use: Scroll            |     2 |     3 ||     5
 Stab: Sleeping          |     1 |       ||     1
  Eat: Chunk             |     5 |     4 ||     9
Armor: Leather armour    |    18 |       ||    18
       Ring mail         |    13 |     7 ||    20
Dodge: Dodged            |    96 |    24 ||   120
